 Dungeon Crawl Stone Soup version 0.31-a0-221-gbddc013574 (webtiles) character file.

Game seed: 6548530791944917860

69 pokeman the Magician (level 4, 0/25 HPs)
             Began as a Deep Elf Hedge Wizard on July 4, 2023.
             Succumbed to a goblin's poison
             ... on level 3 of the Dungeon.
             The game lasted 00:03:52 (2799 turns).

pokeman the Magician (Deep Elf Hedge Wizard)        Turns: 2799, Time: 00:03:53

Health: 0/25       AC:  4    Str: 13    XL:     4   Next: 2%
Magic:  2/13       EV: 12    Int: 21    God:
Gold:   182        SH:  0    Dex: 14    Spells: 5/13 levels left

rFire   . . .        a - +0 dagger
rCold   . . .        (no shield)
rNeg    . . .        b - +0 robe
rPois   .            e - +0 helmet
rElec   .            (no cloak)
rCorr   .            p - +0 pair of gloves
SInv    .            (no boots)
Will    .....        (no amulet)
Stlth   ++           c - +6 ring of strength
HPRegen 0.24/turn    (no ring)
MPRegen 0.13/turn

%: no passive effects
@: lethally poisoned (0 -> -11), very slightly contaminated
A: no striking features
a: no special abilities


You were on level 3 of the Dungeon.
You visited 1 branch of the dungeon, and saw 3 of its levels.

You collected 182 gold pieces.

Inventory:

Hand Weapons
 a - a +0 dagger (weapon)
Armour
 b - a +0 robe (worn)
 e - a +0 helmet (worn)
 p - a +0 pair of gloves (worn)
Magical Staves
 m - a staff of air
Jewellery
 c - a +6 ring of strength (left hand)
 g - an amulet of faith
Wands
 u - a wand of acid (14)
 y - a wand of mindburst (16)
Scrolls
 h - 2 scrolls of identify {unknown}
 i - a scroll of fog {unknown}
 j - a scroll of torment {unknown}
 k - a scroll of poison {unknown}
 n - a scroll of acquirement {unknown}
 o - a scroll of amnesia {unknown}
 r - a scroll of enchant armour {unknown}
 t - a scroll of revelation {unknown}
 x - a scroll of silence {unknown}
Potions
 d - a potion of magic
 f - a potion of berserk rage {unknown}
 l - a potion of enlightenment {unknown}
 q - a potion of haste {unknown}
 s - a potion of lignification {unknown}
 v - a potion of brilliance {unknown}
 w - a potion of cancellation {unknown}


   Skills:
 - Level 1.0 Fighting
 + Level 1.1 Armour
 + Level 2.6 Dodging
 - Level 2.4 Stealth
 * Level 5.4 Spellcasting
 + Level 2.0 Conjurations
 - Level 1.1 Summonings
 - Level 1.1 Translocations


You had 5 spell levels left.
You knew the following spells:

 Your Spells              Type           Power      Damage    Failure   Level
a - Magic Dart            Conj           56%        1d5       4%          1
b - Mephitic Cloud        Conj/Pois/Air  8%         N/A       24%         3
c - Call Imp              Summ           20%        N/A       10%         2
d - Blink                 Tloc           20%        N/A       10%         2

Your spell library contained the following spells:

 Spells                   Type           Power      Damage    Failure   Level
 Slow                     Hex            20%        N/A       11%         1
 Cigotuvi's Dreadful Rot  Necr/Pois/Air  10%        N/A       16%         2


Dungeon Overview and Level Annotations

Branches:
Dungeon (3/15)

Altars:

Annotations:
D:3 Ijyb, Robin


Message History

Ijyb hits your cerulean imp but does no damage.
The grasping roots constrict you. The goblin closely misses you.
Your cerulean imp hits Ijyb but does no damage.
Unknown command.
Unknown command.
You escape the roots grasp.
Ijyb is engulfed in noxious fumes.
Ijyb appears confused.
Ijyb completely misses the goblin.
Ijyb barely misses herself.
Your cerulean imp hits Ijyb but does no damage.
Unknown command.
You feel less confused.
Robin of the Strong Arm comes into view.
They are wielding a +0 club.
Your cerulean imp hits Ijyb with a -3 spear.
Unknown command.
Ijyb is engulfed in noxious fumes.
Ijyb misses your cerulean imp.
Your cerulean imp completely misses Ijyb.
Robin roars a battlecry!
The goblin goes into a battle-frenzy!
Your cerulean imp barely misses Ijyb.
Casting: Mephitic Cloud (extremely dangerous; 24% risk of failure)
Confirm with . or Enter, or press ? or * to list all spells.
The spell is extremely dangerous to miscast (24% risk of failure)!
Continue anyway?
Aiming: Mephitic Cloud (extremely dangerous; 24% risk of failure)
Press: ? - help, Shift-Dir - straight line, f - goblin, p - Ijyb
Aim: a goblin, wielding a +0 club (strong, chance to affect: 96%)
You miscast Mephitic Cloud.
You are very lightly contaminated with residual magic.
Nothing appears to happen.
Your cerulean imp barely misses Ijyb.
Robin throws the goblin at you!
Casting: Mephitic Cloud (extremely dangerous; 24% risk of failure)
Confirm with . or Enter, or press ? or * to list all spells.
You don't have enough magic to cast this spell.
There are monsters nearby!
Ijyb misses the goblin.
The goblin hits you with a +1 dagger of venom.
You are lethally poisoned!
Your cerulean imp hits Ijyb but does no damage.
The goblin attacks as you move away! The goblin hits you with a +0 club.
* * * LOW HITPOINT WARNING * * *
You die...

#........g...#
#.)..........#
'##.....##'##
#....5# #.....#
#..ggg# .##
#..gg.# +## ...
#.)..)#.).# )...
#..@..#...#
≈≈≈≈≈#.)†..#≈≈≈#
≈≈≈≈≈##'''##≈≈≈#
...≈≈≈≈.†.≈≈≈≈#
##.##≈≈...≈≈###
............#
.#.##..####.# #
#..#.<#.#
#..#.##.#


You could see Ijyb (confused, ally target), a hobgoblin, 3 goblins and a
friendly cerulean imp (summoned).

Vanquished Creatures
  3 dart slugs
  A ball python (D:1)
  9 bats
  4 endoplasms
  2 giant cockroaches
  11 goblins
  5 hobgoblins
  3 jackals (D:3)
  7 kobolds
  2 quokkas
  A frilled lizard (D:1)
  7 rats
55 creatures vanquished.

Notes
Turn   | Place    | Note
-------+----------+-------------------------------------------
     0 | D:1      | pokeman the Deep Elf Hedge Wizard began the quest for the
                  | Orb.
     0 | D:1      | Reached XP level 1. HP: 10/10 MP: 7/7
   206 | D:1      | Reached XP level 2. HP: 16/16 MP: 5/9
   749 | D:1      | Reached skill level 5 in Spellcasting
   774 | D:1      | Found a faded altar of an unknown god.
  1217 | D:1      | Reached XP level 3. HP: 20/20 MP: 4/11
  1221 | D:1      | Learned a level 3 spell: Mephitic Cloud
  1224 | D:1      | Learned a level 2 spell: Call Imp
  1227 | D:1      | Learned a level 2 spell: Blink
  1621 | D:2      | Reached skill level 1 in Fighting
  1910 | D:2      | Reached skill level 1 in Armour
  2588 | D:3      | Noticed Ijyb
  2752 | D:3      | Reached XP level 4. HP: 23/25 MP: 9/13
  2794 | D:3      | Noticed Robin
  2799 | D:3      | Succumbed to a goblin's poison

Illustrated notes

Levels and vault maps discovered:
D:1:      erik_arrival_cave_to_civilisation [erik_arrival_cave_to_hall],
          layout_basic, hellmonk_ecumenical_altar_crossroads,
          minmay_gold_behind_fungi
D:2:      kennysheep_big_flooded_room, layout_loops_ring
D:3:      kennysheep_goblin_castle, layout_basic, uniq_ijyb, uniq_robin

Skill      XL: |  1  2  3 |
---------------+----------+-----
Spellcasting   | 5 |  5.4
Fighting       | 1 |  1.0
Armour         | 1 |  1.1
Conjurations   | 2 |  2.0
Dodging        | |  2.6
Stealth        | |  2.4
Summonings     | |  1.1
Translocations | |  1.1

Action                     |  1- 3 |  4- 6 || total
---------------------------+-------+-------++-------
  Melee: Dagger            |    16 |     8 ||    24
   Cast: Magic Dart        |   142 |     2 ||   144
         Mephitic Cloud    |       |     2 ||     2
         Call Imp          |       |     1 ||     1
 Armour: Robe              |    12 |     1 ||    13
  Dodge: Dodged            |    39 |     3 ||    42

Table legend: (Time is in decaauts)
 A = Elapsed time spent in this place.
 B = Non-inter-level travel time spent in this place.
 C = Inter-level travel time spent in this place.
 D = Time resting spent in this place.
 E = Time spent auto-exploring this place.
 F = Levels seen in this place.
 G = Mean time per level.
                   A        B        C        D        E       F      G
               +--------+--------+--------+--------+--------+-----+--------+
         Total |   2798 |   2704 |     94 |     35 |   2336 |   3 |  932.7 |
       Dungeon |   2798 |   2704 |     94 |     35 |   2336 |   3 |  932.7 |
               +--------+--------+--------+--------+--------+-----+--------+

Top non-repeatable levels by time:
     D:1: 1552 daAuts
     D:2: 968 daAuts
     D:3: 276 daAuts
